 Dungeon Crawl Stone Soup version 0.28-a0-691-gad6df49e81 (webtiles) character file.

Game seed: 5441419019627610460

48350 kae the Martial Artist (level 14, -2/121 HPs)
             Began as a Black Draconian Transmuter on Oct 20, 2021.
             Was the Champion of Wu Jian.
             Slain by a lindwurm (3 damage)
             ... summoned by Kirke
             ... on level 6 of the Lair of Beasts on Oct 21, 2021.
             The game lasted 00:19:08 (26409 turns).

kae the Martial Artist (DrTm)                      Turns: 26409, Time: 00:19:09

Health: -2/121     AC:  0    Str: 12    XL:     14   Next: 11%
Magic:  18/18      EV: 19    Int: 17    God:    Wu Jian [******]
Gold:   2159       SH:  0    Dex: 14    Spells: 11/19 levels left

rFire   . . .      SeeInvis .     - Unarmed
rCold   . . .      Faith    .   (shield currently unavailable)
rNeg    . . .      Spirit   .   (armour unavailable)
rPois   .          Reflect  .   (helmet currently unavailable)
rElec   .          Harm     .   (cloak currently unavailable)
rCorr   .          Rampage  .   (gloves currently unavailable)
Will    +....                   (boots currently unavailable)
Stlth   ++........              K - amulet of regeneration
HPRegen 1.30/turn               (ring currently unavailable)
MPRegen 0.16/turn               (ring currently unavailable)

@: pig-form, slowed
A: fast, no casting, (breathe lightning), AC +8, small, unfitting armour, (big
wings), (electricity resistance), (cold-blooded)
a: Renounce Religion, Wall Jump, Serpent's Lash, Heavenly Storm


You were on level 6 of the Lair of Beasts.
You worshipped Wu Jian.
Wu Jian was exalted by your worship.
You were a filthy swine.
You visited 3 branches of the dungeon, and saw 17 of its levels.
You also visited: Bailey.

You collected 2159 gold pieces.

Inventory:

Missiles
 m - 4 throwing nets
Jewellery
 f - a +4 ring of evasion (melded)
 i - a +6 ring of strength
 l - an amulet of faith
 o - a ring of willpower
 p - a +6 ring of dexterity
 t - a +4 ring of protection (melded)
 J - a ring of flight
 K - an amulet of regeneration (around neck)
Wands
 j - a wand of iceblast (41)
 x - a wand of polymorph (11)
 B - a wand of charming (3)
 D - a wand of flame (18)
 E - a wand of acid (8)
 F - a wand of digging (4)
Scrolls
 e - 4 scrolls of fog
 n - 5 scrolls of holy word
 y - 2 scrolls of fear
 z - 2 scrolls of teleportation
 C - 2 scrolls of silence
 G - a scroll of identify
Potions
 a - 2 potions of brilliance
 b - a potion of haste
 c - 3 potions of resistance
 d - 4 potions of magic
 g - 3 potions of degeneration
 h - a potion of ambrosia
 k - 6 potions of curing
 q - 2 potions of heal wounds
 r - a potion of lignification
 s - a potion of attraction
 u - a potion of invisibility
 v - 4 potions of flight
 w - 4 potions of might
 A - a potion of mutation
Miscellaneous
 H - a box of beasts
 I - a box of beasts


   Skills:
 - Level 10.0 Fighting
 - Level 10.0 Dodging
 + Level 2.5 Stealth
 - Level 13.0 Unarmed Combat
 + Level 3.2 Spellcasting
 - Level 12.0 Transmutations
 - Level 5.0 Ice Magic
 - Level 2.0 Poison Magic
 - Level 10.0 Evocations


You had 11 spell levels left.
You knew the following spells:

 Your Spells              Type           Power      Damage    Failure   Level
a - Beastly Appendage     Tmut           86%        N/A       1%          1
b - Spider Form           Tmut/Pois      13%        N/A       3%          3
c - Ice Form              Ice/Tmut       31%        N/A       5%          4

Your spell library contained the following spells:

 Spells                   Type           Power      Damage    Failure   Level
 Wereblood                Tmut           43%        N/A       1%          2
 Animate Skeleton         Necr           4%         N/A       17%         1
 Apportation              Tloc           4%         N/A       17%         1
 Summon Small Mammal      Summ           8%         N/A       17%         1
 Poisonous Vapours        Pois/Air       12%        N/A       17%         2
 Corpse Rot               Necr/Air       4%         N/A       26%         2
 Dazzling Flash           Conj/Hex       4%         N/A       45%         3
 Dispel Undead            Necr           2%         3d7       86%         4
 Iskenderun's Mystic Bla  Conj/Tloc      2%         2d3       86%         4
 Death Channel            Necr           1%         N/A       100%        6
 Starburst                Conj/Fire      1%         6d3       100%        6


Dungeon Overview and Level Annotations

Branches:
Dungeon (10/15)            Temple (1/1) D:5            Lair (6/6) D:9
 Shoals (0/4) Lair:4       Spider (0/4) Lair:3        Slime (0/5) Lair:5
 Bailey (visited)
    Orc: D:9-12

Altars:
Ashenzari
Cheibriados
Dithmenos
Elyvilon
Fedhas
Gozag
Hepliaklqana
Kikubaaqudgha
Makhleb
Nemelex Xobeh
Okawaru
Qazlal
Ru
Sif Muna
Trog
Uskayaw
Vehumet
Wu Jian
Xom
Yredelemnul
Zin
The Shining One
Jiyva

Shops:
D:9 (*[=

Annotations:
D:7 3 runed translucent doors, NigelTetley's ghost, novice TrFi
Lair:6 Kirke


Innate Abilities, Weirdness & Mutations

You are a filthy swine.
You move quickly.
Your equipment is almost entirely melded.
You are incapable of wielding weapons or throwing items.
You cannot cast spells.
((You can breathe wild blasts of lightning.))
((Your glossy black scales are hard. (AC +8)))
You cannot fit into any form of body armour.
((Your large and strong wings let you fly.))
((You are resistant to electric shocks. (rElec)))
((You are cold-blooded and may be slowed by cold attacks.))


Message History

The hog misses you. x2
You barely miss the hog.
The hog is heavily wounded.
The hog misses you. The hog bites you. Something closely misses you.
You punch the hog! You freeze the hog.
You kill the hog!
The Council accepts your kill. The hog bites you!
You hear some strange, mumbled words.
You feel yourself slow down.
You hit something. You freeze something. The hog completely misses you.
You hear some strange, mumbled words.
Something summons a lindwurm!
You closely miss something. The hog bites you! Something barely misses you.
The hog bites you.
You hit something. You freeze something. The hog barely misses you.
You hear some strange, mumbled words.
Something summons a manticore!
The lindwurm breathes flames at you. The blast of flame hits you!!
The fire burns you terribly!
You punch something! You freeze something. The hog completely misses you.
Something hits you. The lindwurm misses you.
The lindwurm completely misses you. x2; The hog bites you but does no damage.
You pummel something!! You freeze something!
You hear some strange, mumbled words.
You warm up again.
You turn into a filthy swine.
Your +4 ring of protection melds into your body.
Your +4 ring of evasion melds into your body.
The hog bites you. The lindwurm breathes flames at you.
The blast of flame hits you!! The manticore bites you!!
* * * LOW HITPOINT WARNING * * *
The manticore claws you!
* * * LOW HITPOINT WARNING * * *
The manticore barely misses you.
You bite something! The hog completely misses you. Something hits you!
* * * LOW HITPOINT WARNING * * *
The lindwurm barely misses you. x2; The lindwurm claws you.
You die...

........................##
........................#
.........................P#
#P....#.#.†.#.##.#.#.......
####.#.##...###..###......##
....# ##..##.#.#####...P#
..... #...†......#.#...P#
.... #.....#..kH......
......##..####h{#....
##.#.... #.h# . #.....#.
#...# #.#....# ##.#..
........ ..... .P.....
....... ### P.# ###


You could see a manticore (summoned), a lindwurm (summoned, catching breath) and
a hog.

Vanquished Creatures
  8 hydras
  2 two-headed ogres (D:8)
  4 death yaks (Lair:4)
  A catoblepas (Lair:4)
  Erica (Lair:1)
  2 orc knights (Bailey)
  Pikel (D:8)
  2 wolf spiders (Lair:1)
  3 manticores
  An oklob plant (Lair:5)
  7 elephants
  2 black mambas
  17 cane toads
  A gargoyle (D:10)
  2 unseen horrors
  2 rime drakes (Lair:3)
  4 komodo dragons
  A troll (D:8)
  A merfolk (D:8)
  3 polar bears
  2 hornets
  19 blink frogs
  12 dream sheep
  2 redbacks (Lair:3)
  8 wyverns
  A wraith (D:9)
  5 hogs
  5 basilisks
  37 yaks
  2 vampire mosquitoes (D:10)
  14 water moccasins
  A swamp drake (D:9)
  10 black bears
  A necrophage (D:5)
  5 orc warriors
  3 ice beasts
  3 ogres
  4 wolves (Lair:3)
  6 centaurs
  3 lemures (D:8)
  3 kobold brigands
  3 gnoll sergeants
  2 scorpions
  23 bullfrogs
  A water moccasin skeleton (D:6)
  15 killer bees
  A troll skeleton (D:9)
  5 spriggan skeletons (D:9)
  7 electric eels (D:8)
  4 wights (D:7)
  5 howler monkeys
  A bullfrog zombie (D:5)
  4 gnoll shamans
  2 jellies (D:6)
  2 hounds (D:6)
  3 centaur zombies
  4 orc priests
  A bullfrog skeleton (D:5)
  2 iguanas
  9 orc wizards
  2 killer bee zombies
  2 hound skeletons (D:4)
  A howler monkey zombie (D:8)
  13 adders
  19 gnolls
  A shadow imp (D:8)
  An ufetubus (D:6)
  An adder skeleton (D:4)
  3 dart slugs
  30 orcs
  11 bats
  4 endoplasms
  2 giant cockroaches
  13 goblins
  11 hobgoblins
  4 jackals (D:4)
  4 quokkas
  9 ball pythons
  2 frilled lizards
  22 kobolds
  7 rats
467 creatures vanquished.

Vanquished Creatures (others)
  23 fungi
  122 plants
145 creatures vanquished.

Grand Total: 612 creatures vanquished

Notes
Turn   | Place    | Note
-------+----------+-------------------------------------------
     0 | D:1      | kae the Draconian Transmuter began the quest for the Orb.
     0 | D:1      | Reached XP level 1. HP: 16/16 MP: 3/3
   252 | D:1      | Reached XP level 2. HP: 18/23 MP: 3/5
  1355 | D:2      | Reached XP level 3. HP: 23/29 MP: 4/6
  2359 | D:3      | Reached skill level 4 in Unarmed Combat
  2564 | D:2      | Learned a level 3 spell: Spider Form
  2606 | D:3      | Reached XP level 4. HP: 16/37 MP: 4/7
  2867 | D:3      | Found a faded altar of an unknown god.
  3302 | D:3      | Reached XP level 5. HP: 42/42 MP: 6/8
  3350 | D:3      | Learned a level 4 spell: Ice Form
  4090 | D:4      | Reached skill level 1 in Poison Magic
  4223 | D:4      | Reached skill level 1 in Ice Magic
  4288 | D:4      | Reached XP level 6. HP: 34/51 MP: 6/9
  4312 | D:4      | Reached skill level 5 in Unarmed Combat
  4739 | D:4      | Found a sacrificial altar of Ru.
  5211 | D:4      | Found a sacrificial altar of Ru.
  5464 | D:5      | Entered Level 5 of the Dungeon
  5759 | D:5      | Found a radiant altar of Vehumet.
  5768 | D:5      | Your scales start taking on a glossy black colour.
  5768 | D:5      | Reached XP level 7. HP: 40/57 MP: 6/10
  5768 | D:5      | Gained mutation: You are resistant to electric shocks.
                  | (rElec) [Black Draconian growth]
  6168 | D:5      | Found a blossoming altar of Fedhas.
  6270 | D:5      | Found a staircase to the Ecumenical Temple.
  6301 | Temple   | Entered the Ecumenical Temple
  6462 | Temple   | Became a worshipper of the Wu Jian Council
  6501 | D:5      | Reached skill level 6 in Unarmed Combat
  7070 | D:6      | Reached XP level 8. HP: 66/66 MP: 5/11
  7382 | D:6      | Reached skill level 5 in Transmutations
  8672 | D:7      | Found a broken altar of Ashenzari.
  8736 | D:7      | Reached skill level 5 in Ice Magic
  8738 | D:7      | Reached skill level 7 in Unarmed Combat
  8740 | D:7      | Reached * piety under Wu Jian
  8776 | D:7      | Killed an unseen horror
  8777 | D:7      | Reached skill level 5 in Fighting
  9148 | D:7      | Reached XP level 9. HP: 63/74 MP: 8/12
  9540 | D:7      | Reached skill level 8 in Unarmed Combat
  9693 | D:7      | Found a runed translucent gate.
  9694 | D:7      | Found a runed translucent gate.
  9695 | D:7      | Found a runed translucent gate.
 10326 | D:7      | Noticed NigelTetley's ghost (novice TrFi)
 10413 | D:7      | Reached ** piety under Wu Jian
 10420 | D:7      | Reached skill level 9 in Unarmed Combat
 10723 | D:7      | Reached XP level 10. HP: 77/84 MP: 9/13
 10827 | D:8      | Noticed Pikel
 10841 | D:8      | Killed Pikel
 11530 | D:8      | Noticed a manticore
 11544 | D:8      | Killed a manticore
 11545 | D:8      | Reached skill level 10 in Unarmed Combat
 12475 | D:8      | Noticed a two-headed ogre
 12771 | D:8      | Reached skill level 10 in Transmutations
 12814 | D:8      | Noticed a two-headed ogre
 12823 | D:8      | Killed a two-headed ogre
 12823 | D:8      | Reached *** piety under Wu Jian
 12824 | D:8      | Reached skill level 11 in Unarmed Combat
 12824 | D:8      | Reached XP level 11. HP: 42/94 MP: 7/14
 13190 | D:8      | Killed a two-headed ogre
 13325 | D:8      | Found a stormy altar of Qazlal.
 14552 | D:9      | Found a staircase to the Lair.
 14693 | D:9      | Found Ycvaiqec's Jewellery Shoppe.
 14711 | D:9      | Found Pemud's Antique Armour Emporium.
 14978 | D:9      | Found Raeray's Antique Weapon Emporium.
 15767 | D:9      | Found Myrriry's General Store.
 15996 | D:10     | Entered Level 10 of the Dungeon
 16010 | D:9      | Reached skill level 12 in Unarmed Combat
 16084 | D:9      | Reached **** piety under Wu Jian
 16123 | D:10     | Found a flagged portal.
 16225 | Bailey   | Entered a bailey
 16363 | Bailey   | Noticed an orc knight
 16379 | Bailey   | Killed an orc knight
 16544 | Bailey   | Noticed an orc knight
 16680 | Bailey   | Killed an orc knight
 17085 | Bailey   | Found an iron altar of Okawaru.
 17496 | D:10     | Found a glowing silver altar of Zin.
 17556 | D:10     | Found an opulent altar of Gozag.
 18295 | Lair:1   | Entered Level 1 of the Lair of Beasts
 18329 | Lair:1   | Reached XP level 12. HP: 105/105 MP: 10/15
 18453 | Lair:1   | Reached ***** piety under Wu Jian
 18634 | Lair:1   | Reached skill level 13 in Unarmed Combat
 18636 | Lair:1   | Reached skill level 10 in Fighting
 18724 | Lair:1   | Noticed Erica
 18745 | Lair:1   | Killed Erica
 19848 | Lair:2   | Reached skill level 5 in Dodging
 20609 | Lair:2   | Noticed a seven-headed hydra
 20617 | Lair:2   | Killed a seven-headed hydra
 20995 | Lair:2   | Noticed a five-headed hydra
 21004 | Lair:2   | Killed a five-headed hydra
 21790 | Lair:3   | Reached XP level 13. HP: 93/113 MP: 11/16
 22133 | Lair:3   | Found a hole to the Spider Nest.
 22555 | Lair:3   | Reached skill level 10 in Dodging
 22567 | Lair:3   | Reached skill level 1 in Evocations
 22961 | Lair:4   | HP: 5/135 [death yak (16)]
 23518 | Lair:4   | Reached skill level 5 in Evocations
 24476 | Lair:4   | Found a staircase to the Shoals.
 25403 | Lair:5   | Found a viscous altar of Jiyva.
 25403 | Lair:5   | Found a staircase to the Slime Pits.
 25609 | Lair:5   | Reached ****** piety under Wu Jian
 26060 | Lair:5   | Reached skill level 10 in Evocations
 26060 | Lair:5   | Gained mutation: Your large and strong wings let you fly.
                  | [Black Draconian growth]
 26060 | Lair:5   | Reached XP level 14. HP: 121/121 MP: 9/17
 26129 | Lair:6   | Entered Level 6 of the Lair of Beasts
 26217 | Lair:6   | Reached skill level 1 in Stealth
 26389 | Lair:6   | Noticed Kirke
 26409 | Lair:6   | HP: 1/121 [something (12)]
 26409 | Lair:6   | Slain by a lindwurm

Illustrated notes

Levels and vault maps discovered:
D:1:      doesnt_arrival_eight_statues, layout_basic, interstate_on_off,
          hangedman_decor_riveting
D:2:      layout_rooms, minmay_goblin_kobold_house
D:3:      layout_basic, shapermc_ecumenical_altar_mp_urbaneastern,
          wander_ebering_terrifying_dragon_lair
D:4:      layout_rooms, mainiacjoe_overflow_surrounded_room
D:5:      layout_basic, fedhas_altar_4, nicolae_vehumet_altar_sigil,
          minmay_temple_entry_butterflies
D:6:      layout_basic
D:7:      layout_cave_pools, nicolae_ashenzari_panopticon, gammafunk_ghost_icy,
          minivault_25
D:8:      kennysheep_town, uniq_pikel
D:9:      corexii_shack_village, layout_long_grid, erik_lair_dragon,
          serial_shops, shop_fountains, nicolae_shop_overgrown_old_shop,
          kennysheep_mini, shop, hangedman_tell_no_tales
D:10:     layout_basic, mainiacjoe_overflow_chevrons,
          nicolae_gozag_cash_rules_everything_around_me, enter_bailey_3,
          roderic_batcave
Temple:   nicolae_temple_elliptical
Lair:1:   minmay_lair_venomous_thicket, layout_loops_ring, grunt_megastairs_5,
          uniq_erica
Lair:2:   layout_long_grid
Lair:3:   layout_chaotic_city, spider_nest_entry_a, grunt_megastairs_1,
          serial_bayou_shore_b
Lair:4:   nzn_winding_woodlands_cross [nzn_winding_woodlands_5x15_zeroes,
          nzn_winding_woodlands_5x15_eye, nzn_winding_woodlands_5x15_parted,
          nzn_winding_woodlands_5x15_garden,
          nzn_winding_woodlands_15x15_thick_spiral], layout_gridlike
Lair:5:   layout_roguey, dpeg_slime_entry_enclosed_altar, serial_forest,
          infiniplex_forest_clump_small, infiniplex_forest_zigzag_2,
          infiniplex_forest_end_double, infiniplex_forest_clump_C,
          infiniplex_forest_clump_curved, infiniplex_forest_end_2,
          infiniplex_forest_clump_long
Lair:6:   hellmonk_lair_end_abyssal_woods, layout_regular_city,
          nzn_masters_of_martial_movement, infiniplex_staircase_pool, uniq_kirke

Skill      XL: |  1  2  3  4  5  6  7  8  9 10 11 12 13 14 |
---------------+-------------------------------------------+-----
Fighting       | 2 3 4 5 6 8 9 10 | 10.0
Unarmed Combat | 4 5 6 7 9 11 12 13 | 13.0
Transmutations | 3 4 6 8 10 11 12 | 12.0
Poison Magic   | 1 2 |  2.0
Ice Magic      | 1 2 4 5 |  5.0
Dodging        | 8 10 | 10.0
Evocations     | 10 | 10.0
Stealth        | 2 |  2.5
Spellcasting   | 3 |  3.2

Action                   |  1- 3 |  4- 6 |  7- 9 | 10-12 | 13-15 || total
-------------------------+-------+-------+-------+-------+-------++-------
Melee: Unarmed           |   115 |   150 |   285 |   699 |   333 ||  1582
       Headbutt          |     6 |     5 |       |       |       ||    11
       Kick              |    11 |    15 |       |       |       ||    26
       Tailslap          |     8 |     7 |     7 |     6 |     1 ||    29
       Punch             |       |     2 |     2 |     1 |       ||     5
 Cast: Beastly Appendage |    24 |    13 |       |       |       ||    37
       Spider Form       |     1 |     7 |    17 |       |       ||    25
       Ice Form          |       |     1 |    10 |    73 |    28 ||   112
Invok: Lunge             |       |       |    13 |    46 |    16 ||    75
       Whirlwind         |       |       |     5 |    10 |    22 ||    37
       Serpent's Lash    |       |       |       |     1 |       ||     1
 Abil: Breathe Lightning |       |       |     2 |       |       ||     2
       Wall Jump         |       |       |       |     1 |       ||     1
Evoke: Wand              |       |       |       |     4 |       ||     4
  Use: Scroll            |     6 |     5 |     5 |    10 |     2 ||    28
       Potion            |       |     1 |       |       |       ||     1
 Stab: Sleeping          |       |       |     1 |     1 |       ||     2
Armor: Skin              |    26 |    45 |    74 |   231 |    82 ||   458
Dodge: Dodged            |   102 |   112 |   214 |   463 |   271 ||  1162

Table legend: (Time is in decaauts)
 A = Elapsed time spent in this place.
 B = Non-inter-level travel time spent in this place.
 C = Inter-level travel time spent in this place.
 D = Time resting spent in this place.
 E = Time spent auto-exploring this place.
 F = Levels seen in this place.
 G = Mean time per level.
                   A        B        C        D        E       F      G
               +--------+--------+--------+--------+--------+-----+--------+
         Total |  26176 |  25554 |    622 |   1178 |  21007 |  18 | 1454.2 |
       Dungeon |  17116 |  16640 |    476 |    948 |  13547 |  10 | 1711.6 |
        Temple |    177 |    148 |     29 |     10 |    121 |   1 |  177.0 |
          Lair |   8010 |   7893 |    117 |     91 |   6805 |   6 | 1335.0 |
        Bailey |    871 |    871 |      0 |    129 |    533 |   1 |  871.0 |
               +--------+--------+--------+--------+--------+-----+--------+

Top non-repeatable levels by time:
     D:8: 3122 daAuts
     D:7: 2295 daAuts
  Lair:3: 2043 daAuts
     D:6: 1989 daAuts
  Lair:4: 1816 daAuts
  Lair:1: 1813 daAuts
     D:9: 1744 daAuts
     D:3: 1637 daAuts
     D:4: 1387 daAuts
     D:1: 1305 daAuts
    D:10: 1262 daAuts
     D:5: 1256 daAuts
  Lair:2: 1117 daAuts
     D:2: 1115 daAuts
  Lair:5: 1028 daAuts
